AoeStats
← Der Sprudel

Arabia

508381732Analyzed
4v4 RM · 10d ago on Sep 22, 2026· 45m 47s· 8 players
Game mode
Random Map
Map size
Large (8 player)
Population
200
Speed
Normal
Resources
Standard
Victory
Conquest
Starting age
Dark Age
Ending age
Imperial Age
RankedLock teamsTeams togetherTeam positionsShared explorationLock speedFull tech treeHidden civsTurbo modeCheats
Victory
Defeat
🇭🇰 Ethiopians · Hong Kong SAR China
1338
+14
🇨🇳 Armenians · China
1320
+15
1302
+15
🇭🇰 Franks · Hong Kong SAR China
1243
+18
🇦🇷 Maya · Argentina
1341
-18
🇩🇪 Britons · Germany
1323
-17
🇩🇪 Burgundians · Germany
1263
-14
🇩🇪 Persians · Germany
1229
-13
只爆叉叉
11:15 Feudal Age
11:42 Double-Bit Axe
11:20 Man-at-Arms
14:00 Long Swordsman
19:13 Scale Mail Armor
22:46 Horse Collar
25:41 Wheelbarrow
25:04 Gold Mining
25:43 Stone Mining
25:38 Pikeman
26:05 Arson
26:35 Forging
28:34 Castle Age
34:01 Imperial Age
31:50 Hand Cart
31:22 Loom
33:18 Bow Saw
35:04 Chain Mail Armor
35:24 Iron Casting
34:40 Gambesons
34:15 Two-Handed Swordsman
34:56 Squires
35:57 Bow Saw
35:14 Champion
37:33 Gold Shaft Mining
37:53 Plate Mail Armor
38:26 Blast Furnace
39:05 Conscription
39:45 Fereters
39:46 Capped Ram
40:18 Halberdier
44:54 Siege Ram
明征北大将军
6:27 Loom
9:04 Feudal Age
13:03 Fletching
18:43 Padded Archer Armor
27:27 Castle Age
27:30 Crossbowman
28:06 Bodkin Arrow
28:27 Leather Archer Armor
29:59 Thumb Ring
37:54 Ballistics
39:41 Double-Bit Axe
44:56 Horse Collar
45:38 Gold Mining
别忘了喝醉
3:51 Loom
10:49 Feudal Age
19:15 Castle Age
18:00 Scale Barding Armor
18:48 Double-Bit Axe
26:58 Forging
28:13 Wheelbarrow
28:41 Chain Barding Armor
36:01 Gold Mining
40:17 Imperial Age
37:35 Town Watch
38:06 Hand Cart
38:28 Iron Casting
39:38 Gold Shaft Mining
40:40 Cavalier
41:21 Husbandry
42:01 Plate Barding Armor
43:07 Conscription
Ejatch Lemayahu Gewodros
11:33 Feudal Age
23:25 Double-Bit Axe
27:07 Castle Age
26:46 Bloodlines
30:26 Scale Barding Armor
41:45 Capped Ram
KickersEmden_AoE
6:44 Loom
9:38 Feudal Age
10:08 Horse Collar
10:18 Double-Bit Axe
14:37 Fletching
22:27 Castle Age
20:53 Padded Archer Armor
21:35 Padded Archer Armor
22:31 Crossbowman
23:35 Bodkin Arrow
25:36 Bow Saw
30:27 Ballistics
33:17 Horse Collar
40:46 Scale Barding Armor
40:51 Forging
40:49 Light Cavalry
41:52 Chain Barding Armor
42:11 Leather Archer Armor
43:47 Iron Casting
45:59 Imperial Age
Der Sprudel
6:18 Loom
9:01 Feudal Age
9:38 Double-Bit Axe
10:47 Horse Collar
16:00 Scale Barding Armor
18:11 Forging
19:15 Bloodlines
23:18 Castle Age
21:45 Gold Mining
24:08 Chain Barding Armor
24:27 Bow Saw
26:55 Wheelbarrow
27:13 Husbandry
29:14 Iron Casting
29:21 Town Watch
29:52 Hand Cart
38:21 Gold Shaft Mining
43:20 Imperial Age
43:10 Cavalier
44:36 Plate Barding Armor
Marv
7:04 Double-Bit Axe
7:08 Loom
10:50 Feudal Age
10:00 Horse Collar
18:24 Castle Age
17:34 Scale Barding Armor
19:27 Forging
19:48 Bow Saw
32:29 Husbandry
33:19 Pikeman
36:00 Squires
37:38 Scale Mail Armor
40:18 Chain Mail Armor
41:59 Cavalier
BocaJuniorsElMasGrande
0:26 Loom
9:15 Feudal Age
13:25 Fletching
13:54 Double-Bit Axe
25:57 Horse Collar
32:37 Castle Age
31:46 Padded Archer Armor
31:47 Stone Mining
32:40 Crossbowman
33:26 Thumb Ring
33:38 Bodkin Arrow
34:28 Gold Mining
35:29 Ballistics
36:45 Bow Saw
39:51 Heavy Plow
Connection lost

Rejoining the realm…

Still unreachable

The connection could not be restored.

Session expired

The server has moved on; the page needs a fresh start.